 Dungeon Crawl Stone Soup version 0.21.0-25-ge575cb9 (webtiles) character file.

207 SkySaito the Gusty (level 6, -1/43 HPs)
             Began as a Human Air Elementalist on Jan 22, 2018.
             Was a Follower of Wu Jian.
             Slain by komo4ek's ghost (17 damage)
             ... on level 4 of the Dungeon.
             The game lasted 00:59:37 (3418 turns).

SkySaito the Gusty (Human Air Elementalist)         Turns: 3418, Time: 00:59:38

Health: -1/43      AC:  3    Str:  8    XL:     6   Next: 11%
Magic:  1/10       EV: 13    Int: 17    God:    Wu Jian [*.....]
Gold:   129        SH:  0    Dex: 14    Spells: 4/10 levels left

rFire    . . .     SeeInvis .   u - +0 spear
rCold    . . .     Gourm    .   (no shield)
rNeg     . . .     Faith    .   r - +0 robe
rPois    .         Spirit   .   (no helmet)
rElec    .         Reflect  .   d - +0 cloak
rCorr    .         Harm     .   (no gloves)
MR       .....                  (no boots)
Stlth    +++.......             (no amulet)
HPRegen  0.14/turn              s - ring of stealth
MPRegen  0.12/turn              (no ring)

@: swift, very slightly contaminated, very quick
A: no striking features
a: Renounce Religion


You were on level 4 of the Dungeon.
You worshipped Wu Jian.
Wu Jian was aware of your devotion.
You were hungry.

You visited 1 branch of the dungeon, and saw 4 of its levels.

You collected 129 gold pieces.

Inventory:

Hand Weapons
 e - a +0 short sword
 f - a +0 whip
 g - a +1 mace of protection
 j - a +0 club
 l - a +0 club
 u - a +0 spear (weapon)
 v - a +0 vampiric short sword
Missiles
 h - 5 arrows
 i - 23 stones (quivered)
 m - 11 sling bullets
Armour
 a - a +0 robe
 d - a +0 cloak (worn)
 r - a +0 robe (worn)
Jewellery
 s - a ring of stealth (left hand)
Wands
 n - a wand of paralysis (6)
Scrolls
 o - 2 scrolls of remove curse {unknown}
 p - 3 scrolls of amnesia
 t - a scroll of fear {unknown}
Potions
 k - a potion of brilliance
Books
 b - a book of Air

   Spells                             Type                      Level
   a - Shock                          Conjuration/Air              1
   b - Swiftness                      Charms/Air                   2
   c - Static Discharge               Conjuration/Air              3
   d - Airstrike                      Air                          4
   e - Lightning Bolt                 Conjuration/Air              5
Comestibles
 c - 3 rations
 q - a chunk of flesh


   Skills:
 + Level 1.0 Fighting
 + Level 0.4 Short Blades
 - Level 2.3 Maces & Flails
 + Level 0.2 Polearms
 + Level 3.0 Dodging
 + Level 2.4 Stealth
 + Level 2.6 Spellcasting
 + Level 1.5 Conjurations
 + Level 4.0 Air Magic


You had 4 spell levels left.
You knew the following spells:

 Your Spells              Type           Power        Failure   Level  Hunger
a - Shock                 Conj/Air       ##..         6%          1    #......
b - Swiftness             Chrm/Air       #.......     12%         2    ##.....
c - Static Discharge      Conj/Air       ##......     17%         3    ###....


Dungeon Overview and Level Annotations

Branches:
Dungeon (4/15)
 Temple: D:4-7

Altars:
Wu Jian
Xom
The Shining One

Annotations:
D:4 komo4ek's ghost, amateur CeHu


Message History

Komo4ek's ghost is moderately damaged.
The lightning arcs!
You are struck by lightning.
The lightning grounds out.
You are feeling hungry.
Komo4ek's ghost barely misses you.
Casting: Static Discharge
Confirm with . or Enter, or press ? or * to list all spells.
Okay, then.
Casting: Static Discharge
Confirm with . or Enter, or press ? or * to list all spells.
You feel quick. Komo4ek's ghost hits you.
You hit komo4ek's ghost but do no damage.
Komo4ek's ghost is moderately damaged.
Komo4ek's ghost hits you but does no damage.
You hit komo4ek's ghost.
Komo4ek's ghost is moderately damaged.
Komo4ek's ghost closely misses you.
You hit komo4ek's ghost but do no damage.
Komo4ek's ghost is moderately damaged.
Komo4ek's ghost hits you!
You die...

# .# ..#
######..##
#........#
#W)....>.#
#@.......#
#........#
##########


You could see komo4ek's ghost.

Vanquished Creatures
  A crimson imp (D:2)
  3 gnolls (D:2)
  3 adders
  3 oozes
  5 worms
  2 dart slugs
  2 orcs
  2 ball pythons (D:2)
  3 giant cockroaches
  7 hobgoblins
  10 jackals
  A quokka (D:3)
  10 bats
  3 frilled lizards
  9 goblins
  11 kobolds
  9 rats
  A plant (D:2)
85 creatures vanquished.

Vanquished Creatures (others)
  A plant (D:2)
1 creature vanquished.

Grand Total: 86 creatures vanquished

Notes
Turn   | Place    | Note
-------+----------+-------------------------------------------
     0 | D:1      | SkySaito the Human Air Elementalist began the quest for the Orb.
     0 | D:1      | Reached XP level 1. HP: 13/13 MP: 3/3
   110 | D:1      | Reached XP level 2. HP: 18/19 MP: 0/5
   526 | D:1      | Learned a level 2 spell: Swiftness
   631 | D:1      | Reached XP level 3. HP: 23/24 MP: 0/6
   704 | D:1      | Learned a level 3 spell: Static Discharge
  1242 | D:2      | Found a glowing golden altar of the Shining One.
  1250 | D:2      | Became a worshipper of the Shining One
  1596 | D:2      | Reached XP level 4. HP: 29/31 MP: 5/7
  1599 | D:2      | Reached skill level 1 in Maces & Flails
  1908 | D:2      | Reached XP level 5. HP: 25/36 MP: 0/8
  2076 | D:2      | Found an ornate altar of the Wu Jian Council.
  2082 | D:2      | Fell from the grace of the Shining One
  2082 | D:2      | Became a worshipper of the Wu Jian Council
  2769 | D:3      | Reached skill level 1 in Fighting
  2772 | D:3      | Reached XP level 6. HP: 19/43 MP: 0/9
  2772 | D:3      | Reached skill level 4 in Air Magic
  2782 | D:3      | HP: 2/43 [worm (8)]
  3131 | D:3      | Reached * piety under Wu Jian
  3236 | D:3      | Found a shimmering altar of Xom.
  3238 | D:3      | Found a burning altar of Makhleb.
  3238 | D:3      | Found an ancient bone altar of Kikubaaqudgha.
  3240 | D:3      | Found a glowing golden altar of the Shining One.
  3240 | D:3      | Found a shimmering altar of Xom.
  3240 | D:3      | Found a sparkling altar of Nemelex Xobeh.
  3399 | D:4      | Noticed komo4ek's ghost (amateur CeHu)
  3418 | D:4      | Slain by komo4ek's ghost

Skill      XL: |  1  2  3  4  5  6 |
---------------+-------------------+-----
Maces & Flails | 2 |  2.3
Fighting       | 1 |  1.0
Air Magic      | 4 |  4.0
Dodging        | 3 |  3.0
Short Blades   | |  0.4
Polearms       | |  0.2
Stealth        | |  2.4
Spellcasting   | |  2.6
Conjurations   | |  1.5

Action                   |  1- 3 |  4- 6 || total
-------------------------+-------+-------++-------
Melee: Short sword       |    11 |       ||    11
       Mace              |   246 |   105 ||   351
       Spear             |       |    42 ||    42
Throw: Stone             |    31 |     7 ||    38
 Cast: Shock             |    57 |    68 ||   125
       Static Discharge  |     2 |     3 ||     5
       Swiftness         |     1 |     2 ||     3
Invok: Whirlwind         |       |     4 ||     4
Evoke: Wand              |     4 |     1 ||     5
  Use: Scroll            |     2 |     1 ||     3
       Potion            |     1 |     3 ||     4
 Stab: Sleeping          |       |     1 ||     1
  Eat: Chunk             |     1 |     7 ||     8
       Ration            |     1 |       ||     1
Armor: Robe              |    64 |    53 ||   117
Dodge: Dodged            |   137 |   135 ||   272
